 Dungeon Crawl Stone Soup version 0.31.0-32-g396128a36d (webtiles) character file.

Game seed: 3231744481028581289

19442 jkubb29 the Artisan of Death (level 12, -4/81 HPs)
             Began as a Demonspawn Necromancer on Apr 14, 2024.
             Was a Priest of Kikubaaqudgha.
             Slain by a fire elemental (9 damage)
             ... summoned by a deep elf pyromancer
             ... on level 13 of the Dungeon.
             The game lasted 00:50:40 (16307 turns).

jkubb29 the Artisan of Death (DsNe)                Turns: 16307, Time: 00:50:42

Health: -4/81      AC: 10    Str: 10    XL:     12   Next: 36%
Magic:  28/28      EV: 12    Int: 26    God:    Kikubaaqudgha [***...]
Gold:   697        SH:  4    Dex: 13    Spells: 16/35 levels left

rFire   . . .        P - +2 flail (venom)
rCold   + . .        a - +0 buckler
rNeg    . . .        C - +0 leather armour {Will+}
rPois   .            K - +1 hat
rElec   .            (no cloak)
rCorr   .            u - +2 pair of gloves
SInv    .            (no boots)
Will    +....        J - amulet of magic regeneration
Stlth   +            g - +6 ring of intelligence
HPRegen 0.33/turn    f - ring of protection from cold
MPRegen 0.61/turn

%: no passive effects
@: on fire, glowing
A: hooves 2, thin metallic scales 2, demonic guardian 2, spiny 1
a: Renounce Religion, Unearth Wretches


You were on level 13 of the Dungeon.
You worshipped Kikubaaqudgha.
Kikubaaqudgha was most pleased with you.
You visited 2 branches of the dungeon, and saw 14 of its levels.

You collected 697 gold pieces.

Inventory:

Hand Weapons
 H - a +3 mace
 P - a +2 flail of venom (weapon)
Armour
 a - a +0 buckler (worn)
 r - the +3 leather armour "Daich" {Harm rF- Regen+ Dex-3}
   (You found it on level 2 of the Dungeon)

   Dex-3:     It affects your dexterity (-3).
   rF-:       It makes you vulnerable to fire.
   Regen+:    It increases your rate of health regeneration.
   Harm:      It increases damage dealt and taken.
 u - a +2 pair of gloves (worn)
 C - a +0 leather armour of willpower (worn)
 K - a +1 hat (worn)
Jewellery
 f - a ring of protection from cold (right hand)
 g - a +6 ring of intelligence (left hand)
 F - an amulet of the acrobat
 J - an amulet of magic regeneration (around neck)
 N - a ring of positive energy
 S - a +5 ring of evasion
 T - a ring of poison resistance
 U - a ring of protection from fire
Wands
 q - a wand of digging (6)
 z - a wand of flame (57)
 E - a wand of roots (7)
 M - a wand of charming (10)
Scrolls
 d - 2 scrolls of revelation {unknown}
 h - a scroll of enchant weapon {unknown}
 k - 9 scrolls of teleportation
 o - 2 scrolls of fog {unknown}
 p - a scroll of butterflies {unknown}
 t - 3 scrolls of blinking
 v - 3 scrolls of vulnerability
 w - 4 scrolls of immolation
 y - 2 scrolls of silence
 D - a scroll of poison {unknown}
 G - a scroll of fear {unknown}
 I - 2 scrolls of noise
 L - a scroll of enchant armour {unknown}
 O - a scroll of torment {unknown}
Potions
 b - 2 potions of might {unknown}
 c - 2 potions of mutation {unknown}
 e - 4 potions of enlightenment {unknown}
 i - a potion of lignification {unknown}
 j - 2 potions of degeneration {unknown}
 l - 2 potions of invisibility {unknown}
 m - 3 potions of heal wounds
 n - 2 potions of haste {unknown}
 s - 2 potions of cancellation {unknown}
 x - 7 potions of curing
 A - a potion of ambrosia {unknown}
 B - a potion of attraction {unknown}
 V - a potion of berserk rage {unknown}
Miscellaneous
 Q - a phantom mirror (inert)


   Skills:
 + Level 3.0 Fighting
 + Level 4.5 Maces & Flails
 + Level 4.0 Armour
 + Level 3.7 Dodging
 + Level 2.7 Stealth
 + Level 2.7 Shields
 + Level 12.2 Spellcasting
 + Level 14.6 Necromancy
 + Level 1.1 Evocations


You had 16 spell levels left.
You knew the following spells:

 Your Spells              Type           Power      Damage    Failure   Level
a - Necrotise             Necr           100%       1d9       1%          1
b - Vampiric Draining     Necr           75%        2d11      1%          3
c - Animate Dead          Necr           75%        N/A       1%          4
d - Curse of Agony        Necr           75%        N/A       1%          5
e - Death Channel         Necr           37%        N/A       2%          6

Your spell library contained the following spells:

 Spells                   Type           Power      Damage    Failure   Level
 Kiss of Death            Conj/Necr      100%       2d13      1%          1
 Martyr's Knell           Necr/Summ      52%        N/A       3%          4
 Apportation              Tloc           30%        N/A       7%          1
 Freeze                   Ice            60%        1d7       7%          1
 Borgnjor's Vile Clutch   Necr/Erth      26%        N/A       10%         5
 Blink                    Tloc           30%        N/A       11%         2
 Ensorcelled Hibernation  Hex/Ice        30%        N/A       11%         2
 Jinxbite                 Hex            30%        N/A       11%         2
 Lesser Beckoning         Tloc           30%        N/A       11%         2
 Momentum Strike          Conj/Tloc      30%        3d8       11%         2
 Frozen Ramparts          Ice            30%        1d5       22%         3
 Gell's Gravitas          Tloc           15%        N/A       22%         3
 Hailstorm                Conj/Ice       15%        3d6       22%         3
 Passwall                 Erth           15%        N/A       22%         3
 Swiftness                Air            15%        N/A       22%         3
 Teleport Other           Tloc           15%        N/A       22%         3
 Borgnjor's Revivificati  Necr           37%        N/A       75%         8
 Alistair's Intoxication  Alch           10%        N/A       89%         5
 Haunt                    Necr/Summ      26%        N/A       96%         7
 Dispersal                Tloc           7%         N/A       100%        6
 Death's Door             Necr           37%        N/A       100%        9


Dungeon Overview and Level Annotations

Branches:
Dungeon (13/15)            Temple (1/1) D:7            Lair (0/5) D:10
    Orc (0/2) D:12
 Vaults: D:13-14

Altars:
Ashenzari
Cheibriados
Dithmenos
Fedhas
Gozag
Hepliaklqana
Kikubaaqudgha
Makhleb
Nemelex Xobeh
Okawaru
Qazlal
Ru
Sif Muna
Trog
Uskayaw
Vehumet
Wu Jian
Xom
Yredelemnul

Shops:
D:1 :   D:12 [

Annotations:
Temple 2 transporters


Innate Abilities, Weirdness & Mutations

You have hoof-like feet.
You are mostly covered in thin metallic scales. (AC +3)
A demonic guardian rushes to your aid.
You are partially covered in sharp spines.


Message History

The ball of steam hits the efreet.
The efreet completely resists.
You hear a horrible gurgling sound!
You hear an angry buzzing noise.
You hear a shout! x4
An arrow appears from out of your range of vision.
The arrow closely misses your smoke demon.
An arrow appears from out of your range of vision.
The arrow hits your smoke demon!
Your smoke demon hits the efreet.
Your smoke demon hits the efreet but does no damage. x2
Your smoke demon hits the efreet.
Your smoke demon hits the efreet but does no damage. x2
The arrow hits your smoke demon!! The arrow hits your smoke demon!
Your smoke demon dies!
Your smoke demon disappears in a puff of smoke!
A red ugly thing comes into view.
You hear a roar!
A deep elf pyromancer comes into view. It is wielding a +0 dagger.
The deep elf pyromancer gestures wildly while chanting.
The deep elf pyromancer blinks!
The deep elf pyromancer gestures wildly while chanting.
The deep elf pyromancer casts a spell at you.
The bolt of fire misses you.
The deep elf pyromancer gestures wildly while chanting.
The deep elf pyromancer blinks!
The deep elf pyromancer points at you and mumbles some strange words.
The pyre arrow hits you.
You are covered in intense liquid fire!
You shake off some of the fire as you move.
The liquid fire burns you! The fire elemental hits you.
The fire elemental burns you!
The deep elf pyromancer mumbles some strange words.
There is a stone staircase leading up here.
The liquid fire burns you!
* * * LOW HITPOINT WARNING * * *
A demonic guardian appears!
The fire elemental is struck by your spines.
The fire elemental hits you. The fire elemental burns you!
* * * LOW HITPOINT WARNING * * *
The fire elemental hits you. The fire elemental burns you!
You die...
Kikubaaqudgha rasps: "You have failed me!
Welcome... death!"

.........○...................
..........○..................
...........☼..☼..............
...........R..E.............
..§........°e...)...........
............°...............
.............○..............
..............E.4..........
............<<@...........
##########################


You could see a deep elf pyromancer, an efreet, 2 fire elementals and a friendly
rust devil (summoned).

Vanquished Creatures
  Fannar (D:10)
  8 two-headed ogres
  Nergalle (D:10)
  2 deep elf pyromancers (D:12)
  An ugly thing (D:11)
  A cyclops (D:11)
  3 manticores
  Psyche (D:8)
  3 kobold demonologists (D:11)
  3 trolls
  8 slime creatures
  A shadow (D:11)
  3 water elementals (D:11)
  10 yaks
  2 steam dragons
  2 vampire mosquitoes (D:11)
  An acid dragon (D:12)
  Duvessa (D:7)
  4 orc warriors
  An ogre (D:5)
  4 centaurs
  2 boggarts (D:9)
  2 wolves (D:10)
  A phantom (D:5)
  4 kobold brigands
  2 bullfrogs
  A scorpion (D:6)
  Dowan (D:7)
  4 killer bees (D:9)
  3 electric eels (D:11)
  2 jellies
  5 hounds
  11 orc priests
  2 sleepcaps (D:5)
  A gnoll bouda (D:7)
  Natasha (thrice) (D:4)
  6 iguanas
  19 orc wizards
  2 gnolls (D:7)
  8 adders
  A shadow imp (D:5)
  2 ufetubi (D:6)
  A ribbon worm (D:3)
  3 dart slugs
  50 orcs
  6 ball pythons
  6 endoplasms
  2 giant cockroaches (D:3)
  4 goblins
  6 hobgoblins
  6 jackals
  15 kobolds
  4 quokkas
  4 bats
  5 frilled lizards
  3 rats
258 creatures vanquished.

Vanquished Creatures (collateral kills)
  A gargoyle (D:12)
  A wraith (D:10)
  3 water elementals
  A yak (D:8)
  An acid dragon (D:10)
  An orc warrior (D:10)
  6 centaurs (D:12)
  A howler monkey (D:10)
  An orc wizard (D:8)
  3 gnolls (D:7)
  A dart slug (D:5)
  4 orcs
  A hobgoblin (D:4)
25 creatures vanquished.

Grand Total: 283 creatures vanquished

Notes
Turn   | Place    | Note
-------+----------+-------------------------------------------
     0 | D:1      | jkubb29 the Demonspawn Necromancer began the quest for the
                  | Orb.
     0 | D:1      | Reached XP level 1. HP: 13/13 MP: 3/3
    20 | D:1      | Found Nudayffi's Vocational Training.
   307 | D:1      | Gained mutation: You are partially covered in thin metallic
                  | scales. (AC +2) [demonic ancestry]
   307 | D:1      | Reached XP level 2. HP: 19/19 MP: 1/5
   665 | D:2      | Reached skill level 5 in Necromancy
   669 | D:2      | Gained mutation: A weak demonic guardian rushes to your
                  | aid. [demonic ancestry]
   669 | D:2      | Reached XP level 3. HP: 24/24 MP: 0/6
  1118 | D:2      | Identified the +3 leather armour "Daich" {Harm rF- Regen+
                  | Dex-3}
  1472 | D:3      | Gained mutation: You have large cloven feet. [demonic
                  | ancestry]
  1472 | D:3      | Reached XP level 4. HP: 30/30 MP: 4/7
  1863 | D:3      | Found a faded altar of an unknown god.
  2137 | D:4      | Reached skill level 6 in Necromancy
  2230 | D:4      | Noticed Natasha
  2237 | D:4      | Killed Natasha
  2238 | D:4      | Reached skill level 1 in Maces & Flails
  2238 | D:4      | Reached XP level 5. HP: 31/35 MP: 4/9
  2437 | D:4      | Found a hazy altar of Hepliaklqana.
  2745 | D:4      | Noticed Natasha
  2764 | D:4      | Killed Natasha
  2769 | D:4      | Learned a level 3 spell: Vampiric Draining
  2793 | D:4      | Noticed Natasha
  2804 | D:4      | Killed Natasha
  2907 | D:4      | Gained mutation: You are mostly covered in thin metallic
                  | scales. (AC +3) [demonic ancestry]
  2907 | D:4      | Reached XP level 6. HP: 41/41 MP: 3/11
  3415 | D:5      | Entered Level 5 of the Dungeon
  4036 | D:5      | Reached skill level 7 in Necromancy
  4041 | D:5      | Learned a level 4 spell: Animate Dead
  4445 | D:5      | Gained mutation: A demonic guardian rushes to your aid.
                  | [demonic ancestry]
  4445 | D:5      | Reached XP level 7. HP: 46/46 MP: 0/13
  4794 | D:5      | Reached skill level 8 in Necromancy
  5071 | D:6      | Reached skill level 1 in Armour
  5325 | D:6      | Reached skill level 1 in Fighting
  5655 | D:6      | Found an iron altar of Okawaru.
  6119 | D:7      | Reached skill level 5 in Spellcasting
  6119 | D:7      | Reached XP level 8. HP: 54/54 MP: 5/15
  6265 | D:7      | Found a shimmering blue altar of Sif Muna.
  6266 | D:7      | Found a burning altar of Makhleb.
  6330 | D:7      | Found a broken altar of Ashenzari.
  6765 | D:7      | Found a staircase to the Ecumenical Temple.
  6773 | Temple   | Found a transporter.
  6773 | Temple   | Found a transporter.
  6773 | Temple   | Found a transporter.
  6773 | Temple   | Found a transporter.
  6773 | Temple   | Entered the Ecumenical Temple
  6787 | Temple   | Became a worshipper of Kikubaaqudgha
  7127 | D:7      | Noticed Duvessa
  7127 | D:7      | Noticed Dowan
  7255 | D:8      | Noticed Psyche
  7392 | D:8      | Killed Psyche
  7393 | D:8      | Reached skill level 9 in Necromancy
  7505 | D:8      | Identified the +2 robe "Xaegoul" {Str+5 Int-5}
  7520 | D:8      | Noticed a two-headed ogre
  7697 | D:7      | Killed Duvessa
  7710 | D:7      | Killed Dowan
  7940 | D:8      | Noticed a two-headed ogre
  7943 | D:8      | Gained mutation: You have hoof-like feet. [demonic
                  | ancestry]
  7943 | D:8      | Reached XP level 9. HP: 59/59 MP: 13/19
  7950 | D:8      | Killed a two-headed ogre
  7951 | D:8      | Reached skill level 10 in Necromancy
  8107 | D:8      | Killed a two-headed ogre
  8390 | D:8      | Reached skill level 11 in Necromancy
  8423 | D:8      | Reached XP level 10. HP: 13/66 MP: 2/22
  8683 | D:8      | Identified the +0 robe of Summer {rC+ Str+2}
  9121 | D:9      | Found an ornate altar of the Wu Jian Council.
  9316 | D:9      | Reached * piety under Kikubaaqudgha
  9316 | D:9      | Received a gift from Kikubaaqudgha
  9463 | D:9      | Noticed a two-headed ogre
  9475 | D:9      | Killed a two-headed ogre
  9591 | D:9      | Found a shadowy altar of Dithmenos.
  9591 | D:9      | Found a bloodstained altar of Trog.
  9595 | D:9      | Found a stormy altar of Qazlal.
  9691 | D:9      | Noticed a two-headed ogre
  9700 | D:9      | Killed a two-headed ogre
  9866 | D:9      | Noticed a two-headed ogre
  9866 | D:9      | Noticed a two-headed ogre
  9921 | D:10     | Entered Level 10 of the Dungeon
  9931 | D:10     | Reached skill level 1 in Shields
  9981 | D:10     | Noticed Nergalle
 10029 | D:10     | Noticed a gargoyle
 10191 | D:10     | Reached skill level 12 in Necromancy
 10195 | D:10     | Noticed Fannar
 10314 | D:11     | Learned a level 5 spell: Curse of Agony
 10323 | D:10     | Killed Fannar
 10324 | D:10     | Reached skill level 10 in Spellcasting
 10369 | D:10     | Found a staircase to the Lair.
 10599 | D:9      | Killed a two-headed ogre
 10600 | D:9      | Gained mutation: You are partially covered in sharp spines.
                  | [demonic ancestry]
 10600 | D:9      | Reached XP level 11. HP: 51/72 MP: 16/25
 10603 | D:9      | Killed a two-headed ogre
 10964 | D:10     | Killed Nergalle
 10964 | D:10     | Reached ** piety under Kikubaaqudgha
 10965 | D:10     | Reached skill level 1 in Evocations
 11805 | D:10     | HP: 2/73 [wraith (9)]
 11955 | D:11     | Reached skill level 13 in Necromancy
 11960 | D:11     | Noticed a red ugly thing
 11974 | D:11     | Killed a red ugly thing
 12132 | D:9      | You fall into a shaft and drop 1 floor!
 13608 | D:12     | Noticed a two-headed ogre
 13616 | D:12     | Killed a two-headed ogre
 13860 | D:12     | Noticed a sun demon
 13954 | D:11     | Noticed a sun demon
 14046 | D:12     | Reached skill level 14 in Necromancy
 14054 | D:11     | Reached *** piety under Kikubaaqudgha
 14054 | D:11     | Received a gift from Kikubaaqudgha
 14068 | D:11     | Learned a level 6 spell: Death Channel
 14129 | D:12     | Reached XP level 12. HP: 67/80 MP: 18/27
 14348 | D:12     | HP: 3/80 [burnt (10)]
 14671 | D:12     | Found Abewn's Armour Emporium.
 15653 | D:12     | Found a staircase to the Orcish Mines.
 16040 | D:13     | Noticed a two-headed ogre
 16047 | D:13     | Killed a two-headed ogre
 16105 | D:13     | Identified a scroll of acquirement
 16125 | D:13     | Acquired a Necronomicon
 16307 | D:13     | Slain by a fire elemental

Illustrated notes

Levels and vault maps discovered:
D:1:      minmay_arrival_open_corners, layout_rooms, nicolae_shop_vocational
D:2:      minmay_alternating_diamond, layout_basic, nicolae_the_louvre
D:3:      layout_rooms, chequers_ecumenical_altar_grove
D:4:      layout_layer_cave, kennysheep_mini, serial_rivers,
          chequers_serial_rivers_large_b, chequers_serial_rivers_micro_e,
          chequers_serial_rivers_micro_b, chequers_serial_rivers_large_a,
          chequers_serial_rivers_room_b, uniq_natasha
D:5:      layout_basic, minmay_fractal_squares_gapless_5
D:6:      layout_loops_ring, old_standard_altar, nicolae_figureground_sparkle
D:7:      layout_loops_corners, nicolae_ashenzari_panopticon,
          mainiacjoe_overflow_divided_tiny, minmay_temple_entry_glassed_door,
          uniq_duvessa
D:8:      layout_gridville, uniq_psyche
D:9:      layout_long_grid, nzn_wu_jian_contemplation,
          nicolae_overflow_hidden_temple, nicolae_phantomly_mirrored
D:10:     layout_rooms, erik_lair_orcish_takeover, dk_vineyard_3, uniq_nergalle,
          uniq_fannar
D:11:     layout_basic
D:12:     layout_grid_maze, minmay_orc_entry_temple_small, serial_shops,
          nicolae_shop_just_a_little_nook, abandoned_shop
D:13:     layout_big_octagon, hellmonk_vaults_attempted_burglary,
          xom_confusion_cloud
Temple:   hellmonk_temple_divided_pantheon

Skill      XL: |  1  2  3  4  5  6  7  8  9 10 11 12 |
---------------+-------------------------------------+-----
Necromancy     | 5 6 7 8 9 11 12 14 | 14.6
Maces & Flails | 1 2 3 4 |  4.5
Spellcasting   | 3 4 5 6 8 10 11 12 | 12.2
Stealth        | 2 |  2.7
Dodging        | 2 3 |  3.7
Armour         | 1 2 3 4 |  4.0
Fighting       | 1 2 3 |  3.0
Shields        | 2 |  2.7
Evocations     | 1 |  1.1

Action                     |  1- 3 |  4- 6 |  7- 9 | 10-12 || total
---------------------------+-------+-------+-------+-------++-------
  Melee: Mace              |     7 |     2 |   111 |     8 ||   128
         Kick              |       |     1 |    36 |    45 ||    82
         Punch             |       |       |     1 |       ||     1
         Flail             |       |       |       |   113 ||   113
   Cast: Necrotise         |    55 |   125 |    80 |    87 ||   347
         Vampiric Draining |       |     5 |    54 |   168 ||   227
         Curse of Agony    |       |       |       |    12 ||    12
  Evoke: Wand              |       |       |       |     9 ||     9
         Phantom mirror    |       |       |       |     1 ||     1
    Use: Potion            |       |       |     2 |     6 ||     8
         Scroll            |       |       |       |    10 ||    10
   Stab: Distracted        |       |       |       |     1 ||     1
 Armour: Robe              |    17 |    19 |       |       ||    36
         Leather armour    |       |     4 |   199 |   317 ||   520
  Dodge: Dodged            |    18 |    28 |   126 |   141 ||   313
  Block: Buckler           |       |       |    17 |    69 ||    86
